 Dungeon Crawl Stone Soup version 0.32-a0-607-g64ea0e4219 (webtiles) character file.

Game seed: 6588851975988223718

65960 bottledwater03 the Covert (level 15, -4/134 HPs)
             Began as a Naga Hedge Wizard on Mar 3, 2024.
             Was the Champion of Cheibriados.
             Incinerated by a smoke demon (25 damage)
             ... with a pyre arrow
             ... on level 2 of the Orcish Mines.
             The game lasted 02:18:54 (17857 turns).

bottledwater03 the Covert (Naga Hedge Wizard)      Turns: 17857, Time: 02:18:55

Health: -4/134     AC: 12    Str: 31    XL:     15   Next: 18%
Magic:  39/39      EV: 13    Int: 36    God:    Cheibriados [******]
Gold:   25         SH: 14    Dex: 26    Spells: 6/36 levels left

rFire   . . .        f - +3 broad axe (freeze)
rCold   + . .        O - +0 kite shield
rNeg    + . .        L - +0 acid dragon scales
rPois   +            E - +2 hat {Stlth+}
rElec   +            q - +0 cloak
rCorr   +            t - +0 pair of gloves
SInv    +            (no barding)
Will    +....        g - amulet of magic regeneration
Stlth   +++          G - ring of protection from cold
HPRegen 0.42/turn    M - ring "Nisen" {rElec rN+ MP+9 Str+3}
MPRegen 0.66/turn

%: no passive effects
@: on fire, glowing, very slow
A: AC +5, large, see invisible, deformed body, poison resistance, slowness 2,
spit poison 1, naga tail 2
a: Spit Poison, Renounce Religion, Bend Time, Temporal Distortion, Slouch, Step
From Time


You were on level 2 of the Orcish Mines.
You worshipped Cheibriados.
Cheibriados was exalted by your worship.
You visited 4 branches of the dungeon, and saw 20 of its levels.

You collected 1729 gold pieces.
You spent 1704 gold pieces at shops.

Inventory:

Hand Weapons
 f - a +3 broad axe of freezing (weapon)
 m - the +8 whip "Snakebite" {venom, curare, rPois}
   (You found it on level 1 of the Lair of Beasts)

   rPois:     It protects you from poison.
 D - a +1 sling of electrocution
 Y - a +4 trident
Missiles
 z - a curare-tipped dart
 I - 12 boomerangs
 R - 10 javelins
 S - 25 poisoned darts (quivered)
Armour
 q - a +0 cloak (worn)
 t - a +0 pair of gloves (worn)
 E - a +2 hat of stealth (worn)
 L - +0 acid dragon scales (worn)
 O - a +0 kite shield (worn)
Magical Staves
 x - a staff of alchemy
Jewellery
 b - a ring of positive energy
 g - an amulet of magic regeneration (around neck)
 n - an amulet of reflection
 y - a ring of flight
 G - a ring of protection from cold (left hand)
 M - the ring "Nisen" (right hand) {rElec rN+ MP+9 Str+3}
   (You found it on level 5 of the Lair of Beasts)

   [ring of magical power]

   Str+3:     It affects your strength (+3).
   rElec:     It insulates you from electricity.
   rN+:       It protects you from negative energy.
   MP+9:      It affects your magic capacity (+9).
 P - the ring "Ytew" {Wiz Slay+4}
   (You acquired it on level 2 of the Orcish Mines)

   [ring of wizardry]

   Wiz:       It improves your spell success rate.
   Slay+4:    It affects your accuracy & damage with ranged weapons and melee
   (+4).
Talismans
 W - a serpent talisman
Wands
 a - a wand of flame (13)
 p - a wand of digging (7)
 A - a wand of mindburst (7)
 J - a wand of warping (14)
Scrolls
 c - 5 scrolls of revelation
 j - 8 scrolls of teleportation
 s - 2 scrolls of poison
 v - 2 scrolls of brand weapon
 w - a scroll of enchant armour
 B - a scroll of torment
 C - 3 scrolls of blinking
 F - 5 scrolls of noise
 H - a scroll of amnesia
 K - 4 scrolls of fog
 N - a scroll of silence
 Z - 4 scrolls of identify
Potions
 d - 2 potions of magic
 e - 2 potions of attraction
 h - 3 potions of enlightenment
 i - 10 potions of curing
 l - 6 potions of brilliance
 o - 4 potions of mutation
 r - 5 potions of heal wounds
 u - 5 potions of might
 Q - 2 potions of haste
 V - a potion of lignification
Miscellaneous
 k - a phantom mirror


   Skills:
 * Level 8.4 Fighting
 - Level 5.8(6.0) Axes
 - Level 2.0(4.1) Polearms
 - Level 2.0 Armour
 - Level 5.0 Dodging
 * Level 12.6 Stealth
 * Level 11.8 Shields
 - Level 11.0 Spellcasting
 * Level 7.2 Conjurations
 - Level 1.0 Summonings
 - Level 6.0 Necromancy
 - Level 4.0 Translocations
 - Level 2.0 Ice Magic
 * Level 6.6 Air Magic
 - Level 4.0 Alchemy
 * Level 7.1 Invocations
 - Level 2.0 Evocations


You had 6 spell levels left.
You knew the following spells:

 Your Spells              Type           Power      Damage    Failure   Level
a - Magic Dart            Conj           100%       1d8       1%          1
c - Mephitic Cloud        Conj/Alch/Air  58%        N/A       1%          3
d - Blink                 Tloc           96%        N/A       1%          2
e - Frozen Ramparts       Ice            68%        1d11      4%          3
f - Dispel Undead         Necr           58%        3d21      3%          4
g - Sublimation of Blood  Necr           58%        N/A       1%          2
h - Olgreb's Toxic Radia  Alch           48%        N/A       7%          4
i - Arcjolt               Conj/Air       31%        1d41      6%          5
j - Airstrike             Air            30%        2d(5-21)  2%          4
k - Lesser Beckoning      Tloc           96%        N/A       1%          2

Your spell library contained the following spells:

 Spells                   Type           Power      Damage    Failure   Level
 Freeze                   Ice            100%       1d10      1%          1
 Kiss of Death            Conj/Necr      100%       2d13      1%          1
 Sting                    Conj/Alch      100%       1d9       1%          1
 Cigotuvi's Dreadful Rot  Necr/Alch/Air  100%       N/A       1%          2
 Mercury Vapours          Alch/Air       100%       N/A       1%          2
 Momentum Strike          Conj/Tloc      100%       3d10      1%          2
 Searing Ray              Conj           100%       2d8       1%          2
 Static Discharge         Conj/Air       100%       3-8/arc   1%          2
 Hailstorm                Conj/Ice       52%        3d10      1%          3
 Slow                     Hex            76%        N/A       3%          1
 Call Imp                 Summ           54%        N/A       3%          2
 Fulminant Prism          Conj/Alch      28%        3d14      3%          4
 Vhi's Electric Charge    Tloc/Air       100%       N/A       4%          4
 Summon Lightning Spire   Summ/Air       47%        N/A       8%          4
 Confusing Touch          Hex            19%        N/A       11%         3
 Anguish                  Hex/Necr       20%        N/A       11%         4
 Conjure Ball Lightning   Conj/Air       31%        3x3d10    32%         6
 Cause Fear               Hex            9%         N/A       36%         4
 Plasma Beam              Fire/Air       21%        2x1d33    83%         6
 Enfeeble                 Hex            9%         N/A       100%        7
 Summon Hydra             Summ           13%        N/A       100%        7
 Discord                  Hex            9%         N/A       100%        8
 Disjunction              Tloc           24%        N/A       100%        8


Dungeon Overview and Level Annotations

Branches:
Dungeon (12/15)            Temple (1/1) D:4            Lair (5/5) D:10
  Swamp (0/4) Lair:3        Snake (0/4) Lair:3        Slime (0/5) Lair:5
    Orc (2/2) D:9             Elf (0/3) Orc:2

Altars:
Ashenzari
Cheibriados
Dithmenos
Elyvilon
Fedhas
Gozag
Hepliaklqana
Kikubaaqudgha
Makhleb
Nemelex Xobeh
Okawaru
Qazlal
Ru
Sif Muna
Trog
Uskayaw
Vehumet
Wu Jian
Xom
Yredelemnul
Zin
The Shining One
Beogh
Lugonu

Shops:
D:2 :   D:4 *   D:9 !   Orc:2 [*=*

Portals:
Abyss: Lair:5


Innate Abilities, Weirdness & Mutations

Your serpentine skin is tough. (AC +5)
You have supernaturally acute eyesight. (SInv)
Armour fits poorly on your strangely shaped body.
Your system is resistant to poisons. (rPois)
You cover ground very slowly.
You can spit poison.
You can use your snake-like lower body to constrict enemies.


Message History

The orc high priest looks as sick as possible!
You block the smoke demon's attack. x2
The smoke demon hits you but does no damage.
You barely miss the orc high priest. Your grab misses the orc high priest.
The orc high priest is almost dead.
You slash the smoke demon! You freeze the smoke demon.
You are engulfed in a cloud of scalding steam.
The smoke demon misses you. You block the smoke demon's attack. x2
The orc high priest hits you with a +0 dire flail.
Unknown command.
You hit the orc high priest but do no damage.
Your grab misses the orc high priest.
The orc high priest is almost dead.
You hit the smoke demon but do no damage.
Your toxic aura wanes.
The smoke demon gestures at you. The pyre arrow hits you.
You are covered in intense liquid fire!
The orc high priest intones a terrible prayer.
The orc high priest hits you with a +0 dire flail.
The smoke demon gestures at you. The pyre arrow hits you.
You are even more covered in intense liquid fire!
The orc high priest hits you with a +0 dire flail.
You slash the orc high priest! You freeze the orc high priest.
You kill the orc high priest!
Cheibriados appreciates the change of pace.
The smoke demon disappears in a puff of smoke!
The liquid fire burns you!
Training target 4.0 for Translocations reached!
Your Translocations skill increases to level 4!
As you close the door, it creaks loudly!
The liquid fire burns you!
You shake off some of the fire as you move.
The liquid fire burns you!
* * * LOW HITPOINT WARNING * * *
You shake off some of the fire as you move.
The liquid fire burns you!
You die...
Cheibriados appreciates the motionlessness of death.

.∩∩...................#)......#..
.∩∩....................).........
)..........#..........#.##.......
))........##.............#.....#.
.)).....####....................#
#))########....................#.
..)))).................#.#.......
..).))......#..##+##.............
#####.#...... #@..##............
##...........#)ß)ß$#............
##..).........#$.)$$#............
..............#$ß.ß.#............
.........#....##$_)##............
..#.#.....#....#####.............
#................................
.................................
[[.......#.......................


There were no monsters in sight!

Vanquished Creatures
  Gastronok (D:8)
  Snorg (D:11)
  2 hydras (Lair:2)
  4 ogre magi (Orc:2)
  A boulder beetle (D:12)
  15 two-headed ogres
  An orc high priest (Orc:2)
  2 thrashing horrors (Lair:5)
  2 skysharks (Lair:2)
  A goliath frog (Lair:3)
  An orc knight (Orc:1)
  A harpy (shapeshifter) (Lair:5)
  2 cyclopes
  An orc sorcerer (Orc:1)
  7 ugly things
  A salamander (shapeshifter) (Lair:5)
  3 elephants (Lair:3)
  An oklob plant (D:10)
  Maurice (D:11)
  A kobold blastminer (Orc:1)
  A smoke demon (Lair:5)
  6 black mambas
  6 cane toads
  Maggie (D:6)
  2 gargoyles
  An unseen horror (shapeshifter) (Lair:5)
  A large abomination (Lair:5)
  7 rime drakes
  An unseen horror (D:11)
  7 komodo dragons
  6 trolls
  Prince Ribbit (D:6)
  12 dream sheep (Lair:3)
  A raiju (Lair:5)
  20 blink frogs
  A spriggan (Lair:5)
  2 shadows (D:10)
  4 ynoxinuls (Lair:5)
  A vampire (D:12)
  4 wyverns
  39 yaks
  3 hogs (D:10)
  A human (D:10)
  4 basilisks (Lair:5)
  A warg (Orc:2)
  Grum (D:8)
  2 steam dragons
  4 vampire mosquitoes
  A chaos spawn (Lair:5)
  Menkaure (D:4)
  7 small abominations (Lair:5)
  4 nagas (Lair:3)
  12 water moccasins
  An acid dragon (D:9)
  A swamp drake (Lair:3)
  A black bear (shapeshifter) (D:9)
  24 orc warriors
  4 black bears
  2 ice beasts
  26 wolves
  27 ogres
  9 centaurs
  2 kobold brigands (D:9)
  8 bullfrogs
  4 scorpions
  9 wights (D:9)
  3 jellies
  6 killer bees (D:10)
  3 electric eels
  4 bombardier beetles
  4 crimson imps (D:6)
  5 howler monkeys
  20 orc priests
  3 gnoll boudas
  Crazy Yiuf (D:2)
  5 hounds
  An iguana (D:7)
  17 orc wizards
  13 adders
  10 gnolls
  A shadow imp (D:6)
  2 white imps
  2 ufetubi (D:5)
  6 ribbon worms
  3 dart slugs
  74 orcs
  5 endoplasms
  11 giant cockroaches
  8 goblins
  7 hobgoblins
  A quokka (D:3)
  6 ball pythons
  3 bats
  5 frilled lizards
  20 kobolds
  3 rats (D:1)
584 creatures vanquished.

Vanquished Creatures (others)
  A vampire (D:11)
  A kobold brigand (D:8)
2 creatures vanquished.

Grand Total: 586 creatures vanquished

Notes
Turn   | Place    | Note
-------+----------+-------------------------------------------
     0 | D:1      | bottledwater03 the Naga Hedge Wizard began the quest for
                  | the Orb.
     0 | D:1      | Reached XP level 1. HP: 15/15 MP: 4/4
   237 | D:1      | Reached XP level 2. HP: 22/22 MP: 4/6
   240 | D:1      | Learned a level 2 spell: Call Imp
   716 | D:2      | Reached XP level 3. HP: 28/28 MP: 6/8
   720 | D:2      | Learned a level 3 spell: Mephitic Cloud
   737 | D:2      | Learned a level 2 spell: Blink
   905 | D:2      | Reached skill level 1 in Alchemy
  1025 | D:2      | Reached skill level 1 in Air Magic
  1025 | D:2      | Reached XP level 4. HP: 36/36 MP: 7/10
  1318 | D:2      | Found Umaubol's Book Boutique.
  1318 | D:2      | Noticed a walking crystal tome
  1320 | D:2      | Noticed a walking earthen tome
  1632 | D:2      | Found a runed translucent door.
  1633 | D:2      | Noticed Crazy Yiuf
  1810 | D:3      | Found an iron altar of Okawaru.
  1988 | D:3      | Reached XP level 5. HP: 30/42 MP: 11/11
  2852 | D:2      | Killed Crazy Yiuf
  3008 | D:3      | Learned a level 3 spell: Frozen Ramparts
  3033 | D:4      | Reached XP level 6. HP: 46/49 MP: 12/12
  3243 | D:4      | Noticed a black bear
  3294 | D:4      | Found Ruytaekh's Fire Supplies.
  3516 | D:4      | Found a staircase to the Ecumenical Temple.
  3525 | Temple   | Entered the Ecumenical Temple
  3537 | Temple   | Became a worshipper of Cheibriados the Contemplative
  3597 | D:4      | Reached skill level 4 in Stealth
  3597 | D:4      | Reached XP level 7. HP: 55/55 MP: 13/13
  3772 | D:4      | Noticed Menkaure
  3820 | D:5      | Entered Level 5 of the Dungeon
  3830 | D:5      | Reached skill level 1 in Polearms
  3963 | D:5      | Reached skill level 1 in Ice Magic
  4054 | D:5      | Reached skill level 1 in Fighting
  4176 | D:5      | Found a sacrificial altar of Ru.
  4194 | D:5      | Reached * piety under Cheibriados
  4237 | D:5      | Reached skill level 5 in Stealth
  4629 | D:5      | Reached XP level 8. HP: 67/67 MP: 14/14
  4637 | D:5      | Learned a level 4 spell: Dispel Undead
  4765 | D:6      | Reached skill level 1 in Evocations
  4784 | D:6      | Noticed Maggie
  4803 | D:6      | Reached skill level 6 in Stealth
  4803 | D:6      | Reached skill level 1 in Necromancy
  4813 | D:6      | Killed Maggie
  4814 | D:6      | Reached skill level 5 in Spellcasting
  4815 | D:6      | Reached ** piety under Cheibriados
  4887 | D:6      | Reached skill level 5 in Necromancy
  4890 | D:6      | Learned a level 2 spell: Sublimation of Blood
  4897 | D:6      | Reached XP level 9. HP: 63/73 MP: 11/16
  5114 | D:4      | Killed Menkaure
  5115 | D:4      | Reached skill level 7 in Stealth
  5308 | D:6      | Noticed Prince Ribbit
  5320 | D:6      | Killed Prince Ribbit
  5544 | D:6      | Found a shimmering altar of Xom.
  5659 | D:6      | Found an ancient bone altar of Kikubaaqudgha.
  5659 | D:6      | Found a glowing golden altar of the Shining One.
  5951 | D:7      | Reached *** piety under Cheibriados
  5980 | D:7      | Noticed a troll
  6015 | D:7      | Killed a troll
  6016 | D:7      | Reached skill level 1 in Armour
  6744 | D:8      | Noticed Gastronok
  7165 | D:8      | Noticed a white ugly thing
  7524 | D:8      | HP: 2/78 [white ugly thing (13)]
  7700 | D:9      | Reached skill level 1 in Shields
  7714 | D:8      | Reached XP level 10. HP: 66/86 MP: 5/20
  7839 | D:8      | Learned a level 4 spell: Olgreb's Toxic Radiance
  7953 | D:8      | Noticed Grum
  7962 | D:8      | Killed Grum
  7965 | D:8      | Reached **** piety under Cheibriados
  8090 | D:8      | Reached skill level 5 in Shields
  8335 | D:9      | Reached ***** piety under Cheibriados
  8441 | D:9      | Noticed a cyclops
  8463 | D:9      | Killed a cyclops
  8556 | D:9      | Found Voumuzop's Distillery.
  8568 | D:9      | Bought a potion of heal wounds for 65 gold pieces
  8568 | D:9      | Bought a potion of attraction for 39 gold pieces
  8568 | D:9      | Bought a potion of lignification for 39 gold pieces
  8568 | D:9      | Bought a potion of heal wounds for 65 gold pieces
  8568 | D:9      | Bought a potion of heal wounds for 65 gold pieces
  8568 | D:9      | Bought a potion of might for 52 gold pieces
  8568 | D:9      | Bought a potion of degeneration for 13 gold pieces
  8568 | D:9      | Bought a potion of brilliance for 52 gold pieces
  8688 | D:9      | Noticed a purple ugly thing
  8688 | D:9      | Found the +7 mace of Variability {chaos, chaos arc}
  8806 | D:9      | You fall into a shaft and drop 3 floors!
  8883 | D:12     | Reached XP level 11. HP: 81/93 MP: 18/21
  8920 | D:12     | Noticed a boulder beetle
  8924 | D:12     | Reached skill level 1 in Axes
  8938 | D:12     | Killed a boulder beetle
  8939 | D:12     | Reached skill level 1 in Invocations
  9059 | D:11     | Noticed Maurice
  9078 | D:11     | Killed Maurice
  9184 | D:11     | Noticed Snorg
  9205 | D:11     | Killed Snorg
  9207 | D:11     | Reached skill level 8 in Stealth
  9231 | D:11     | Noticed a cyclops
  9317 | D:10     | Entered Level 10 of the Dungeon
  9340 | D:10     | Noticed a two-headed ogre
  9388 | D:10     | Reached skill level 5 in Fighting
  9602 | D:9      | Identified a scroll of acquirement
  9603 | D:9      | Acquired a +0 antimagic broad axe
  9724 | D:9      | Found a staircase to the Orcish Mines.
  9844 | D:9      | Killed a purple ugly thing
  9993 | D:8      | Killed Gastronok
 10125 | D:10     | Killed a two-headed ogre
 10168 | D:10     | Reached XP level 12. HP: 94/103 MP: 23/23
 10269 | D:10     | Learned a level 5 spell: Arcjolt
 10301 | D:10     | Found a staircase to the Lair.
 10346 | D:10     | Reached ****** piety under Cheibriados
 10401 | D:10     | Noticed a two-headed ogre
 10410 | D:10     | Killed a two-headed ogre
 10411 | D:10     | Reached skill level 9 in Stealth
 10490 | D:10     | Found a radiant altar of Vehumet.
 10497 | D:10     | Found a basalt altar of Yredelemnul.
 10502 | D:10     | Found a hazy altar of Hepliaklqana.
 11690 | D:12     | Noticed a two-headed ogre
 11703 | D:12     | Killed a two-headed ogre
 11704 | D:12     | Reached skill level 10 in Stealth
 11704 | D:12     | Reached skill level 10 in Shields
 12159 | Lair:1   | Entered Level 1 of the Lair of Beasts
 12667 | Lair:1   | Reached skill level 5 in Axes
 12685 | Lair:1   | Found the +8 whip "Snakebite" {venom, curare, rPois}
 12833 | Lair:2   | Noticed a skyshark
 12842 | Lair:2   | Noticed a four-headed hydra
 12843 | Lair:2   | Killed a skyshark
 12844 | Lair:2   | Reached skill level 5 in Conjurations
 12845 | Lair:2   | Noticed a seven-headed hydra
 12849 | Lair:2   | Gained mutation: You can use your snake-like lower body to
                  | constrict enemies. [Naga growth]
 12849 | Lair:2   | Reached XP level 13. HP: 68/111 MP: 6/25
 13465 | Lair:3   | Reached skill level 5 in Invocations
 13816 | Lair:3   | Reached skill level 11 in Stealth
 13816 | Lair:3   | Reached skill level 5 in Air Magic
 13958 | Lair:3   | Found a staircase to the Snake Pit.
 14203 | Lair:3   | Found a staircase to the Swamp.
 14575 | Lair:4   | Reached XP level 14. HP: 116/123 MP: 27/27
 14627 | Lair:4   | Learned a level 4 spell: Airstrike
 15160 | Lair:5   | Entered Level 5 of the Lair of Beasts
 15287 | Lair:5   | Found a staircase to the Slime Pits.
 15405 | Lair:5   | Reached skill level 5 in Dodging
 16267 | Lair:5   | Reached skill level 10 in Spellcasting
 16276 | Lair:5   | Identified the ring "Nisen" {rElec rN+ MP+9 Str+3}
 16498 | Lair:5   | Reached skill level 12 in Stealth
 16545 | Lair:5   | Found a corrupted altar of Lugonu.
 16545 | Lair:5   | Found a one-way gate to the infinite horrors of the Abyss.
 16571 | Lair:5   | Learned a level 2 spell: Lesser Beckoning
 16814 | Orc:1    | Entered Level 1 of the Orcish Mines
 17249 | Orc:2    | Entered Level 2 of the Orcish Mines
 17344 | Orc:2    | Found a staircase to the Elven Halls.
 17432 | Orc:2    | Reached XP level 15. HP: 125/132 MP: 12/29
 17491 | Orc:2    | Found Timu's General Store.
 17491 | Orc:2    | Found Jastorul's Assorted Antiques.
 17491 | Orc:2    | Found Uzuschic's Jewellery Shoppe.
 17491 | Orc:2    | Found Zebri's Antique Armour Shop.
 17743 | Orc:2    | Bought a scroll of acquirement for 1196 gold pieces
 17743 | Orc:2    | Acquired the ring "Ytew" {Wiz Slay+4}
 17746 | Orc:2    | Bought an embroidered robe for 118 gold pieces
 17839 | Orc:2    | Found a roughly hewn altar of Beogh.
 17857 | Orc:2    | Incinerated by a smoke demon

Illustrated notes

Levels and vault maps discovered:
D:1:      psy_arrival_terrarium, layout_basic, nrook_mini_vaults,
          minmay_gold_behind_fungi, palyth_stone_intersect, minmay_cupped
D:2:      minmay_evil_eye, layout_basic, serial_shops, nicolae_shop_mannequins,
          hangedman_decor_slide_cut, kennysheep_generic_room_8,
          uniq_crazy_yiuf_cottage
D:3:      minmay_roachtagon, layout_loops_corners, okawaru_trees_2,
          nicolae_wormholes
D:4:      layout_loops_ring, lemuel_temple_firewalk_a, eino_tiny_chamber,
          nicolae_eternal_life, nicolae_shop_fire_sale [nicolae_sub_dead_trees],
          uniq_menkaure
D:5:      layout_loops_cross, nicolae_ru_great_annihilating_truth
D:6:      layout_basic, jmf_multi_god_temple, led_xom_imps,
          hangedman_decor_growths, water_maze_lemuel, uniq_prince_ribbit1,
          uniq_maggie
D:7:      layout_cave_pods, minmay_strange_pillars
D:8:      layout_basic, serial_curves, eino_curves_03, eino_curves_04,
          uniq_grum, uniq_gastronok
D:9:      layout_cave_pools, erik_orc_2, serial_shops,
          nicolae_shop_advertising_works [nicolae_subvault_shop_adworks],
          minmay_diamond_spiral
D:10:     minmay_skewed_foursquare, layout_long_grid,
          minmay_overflow_temple_star_quad, dpeg_oklobed_lair, grunt_livestock,
          serial_bayou_pond_e
D:11:     layout_roguey, dreamdust_gnoll_shepherd, uniq_maurice, uniq_snorg
D:12:     layout_irregular_city
Temple:   nicolae_temple_great_sept
Lair:1:   minmay_guarded_unrand_snakebite, layout_hall_layers
Lair:2:   layout_cave_shapes
Lair:3:   layout_regular_city, mainiacjoe_swamp_entry_lozenge_pond,
          minmay_snake_entry_guardpost_small, infiniplex_staircase_pool
Lair:4:   layout_hall_layers
Lair:5:   hellmonk_lair_end_abyssal_woods, layout_gridlike,
          dpeg_slime_entry_enclosed
Orc:1:    layout_diamond_mine
Orc:2:    st_orc_ogre_mass, layout_caves, kennysheep_orc_chapel

Skill      XL: |  1  2  3  4  5  6  7  8  9 10 11 12 13 14 15 |
---------------+----------------------------------------------+-----
Spellcasting   | 4 5 6 7 8 9 10 11 | 11.0
Alchemy        | 1 2 3 4 |  4.0
Air Magic      | 1 2 3 4 5 6 |  6.6
Conjurations   | 2 3 4 5 6 7 |  7.2
Stealth        | 4 5 6 7 8 10 11 12 | 12.6
Polearms       | 2 |  2.0
Ice Magic      | 1 2 |  2.0
Fighting       | 2 4 5 6 7 8 |  8.4
Evocations     | 2 |  2.0
Necromancy     | 5 6 |  6.0
Dodging        | 3 4 5 |  5.0
Armour         | 2 |  2.0
Shields        | 2 8 9 10 11 | 11.8
Axes           | 3 5 |  5.8
Invocations    | 3 4 5 6 7 |  7.1
Translocations | 2 3 4 |  4.0
Summonings     | |  1.0

Action                     |  1- 3 |  4- 6 |  7- 9 | 10-12 | 13-15 || total
---------------------------+-------+-------+-------+-------+-------++-------
  Melee: Dagger            |     3 |       |       |       |       ||     3
         Spear             |    54 |   157 |   266 |       |       ||   477
         War axe           |       |       |    52 |   175 |       ||   227
         Broad axe         |       |       |       |   231 |   346 ||   577
         Whip              |       |       |       |     8 |    19 ||    27
         Constrict         |       |       |       |       |   123 ||   123
   Fire: Sling             |       |       |     2 |    14 |       ||    16
  Throw: Dart              |       |       |    15 |    61 |    35 ||   111
         Boomerang         |       |       |       |     2 |       ||     2
   Cast: Magic Dart        |    14 |    21 |    17 |     8 |       ||    60
         Mephitic Cloud    |       |     5 |    41 |    59 |    14 ||   119
         Frozen Ramparts   |       |       |    13 |    20 |    14 ||    47
         Blink             |       |       |    10 |     9 |     1 ||    20
         Dispel Undead     |       |       |     1 |    18 |     4 ||    23
         Sublimation of Bl |       |       |       |     4 |       ||     4
         Olgreb's Toxic Ra |       |       |       |     9 |    54 ||    63
         Arcjolt           |       |       |       |     3 |     8 ||    11
         Airstrike         |       |       |       |       |     3 ||     3
         Lesser Beckoning  |       |       |       |       |     1 ||     1
 Invoke: Slouch            |       |       |       |     1 |     6 ||     7
Ability: Spit Poison       |     4 |    19 |    27 |    26 |     1 ||    77
  Evoke: Wand              |       |       |    12 |     5 |     4 ||    21
    Use: Scroll            |     5 |       |     3 |    17 |     5 ||    30
         Potion            |       |       |     1 |     2 |       ||     3
   Stab: Sleeping          |     2 |     3 |     2 |     1 |     5 ||    13
         Confused          |       |     7 |    16 |    40 |     5 ||    68
         Invisible         |       |       |     1 |       |       ||     1
         Paralysed         |       |       |     1 |       |       ||     1
 Armour: Robe              |    35 |    99 |   127 |       |       ||   261
         Acid dragon scale |       |       |   112 |   354 |   283 ||   749
  Dodge: Dodged            |    16 |    71 |   167 |   201 |   187 ||   642
  Block: Kite shield       |       |       |    29 |   413 |   354 ||   796

Table legend: (Time is in decaauts)
 A = Elapsed time spent in this place.
 B = Non-inter-level travel time spent in this place.
 C = Inter-level travel time spent in this place.
 D = Time resting spent in this place.
 E = Time spent auto-exploring this place.
 F = Levels seen in this place.
 G = Mean time per level.
                   A        B        C        D        E       F      G
               +--------+--------+--------+--------+--------+-----+--------+
         Total |  37469 |  32891 |   4578 |      0 |  17651 |  20 | 1873.4 |
       Dungeon |  23405 |  20274 |   3131 |      0 |  10177 |  12 | 1950.4 |
        Temple |     37 |      3 |     34 |      0 |      0 |   1 |   37.0 |
          Lair |  11431 |  10256 |   1175 |      0 |   5788 |   5 | 2286.2 |
  Orcish Mines |   2595 |   2359 |    236 |      0 |   1685 |   2 | 1297.5 |
               +--------+--------+--------+--------+--------+-----+--------+

Top non-repeatable levels by time:
  Lair:5: 3708 daAuts
     D:8: 3228 daAuts
     D:9: 2755 daAuts
    D:10: 2567 daAuts
  Lair:3: 2196 daAuts
    D:12: 2050 daAuts
    D:11: 2018 daAuts
  Lair:4: 1995 daAuts
  Lair:1: 1922 daAuts
     D:7: 1918 daAuts
     D:6: 1685 daAuts
     D:2: 1676 daAuts
  Lair:2: 1607 daAuts
     D:4: 1579 daAuts
     D:5: 1522 daAuts
